 Dungeon Crawl Stone Soup version 0.30-a0-377-g5cb311bc9f (webtiles) character file.

Game seed: 6901444370546131361

653 caruso the Conjurer (level 7, -8/48 HPs)
             Began as a Human Conjurer on Nov 29, 2022.
             Engulfed by a cloud of flame (22 damage)
             ... on level 6 of the Dungeon.
             The game lasted 00:38:42 (2335 turns).

caruso the Conjurer (Human Conjurer)                Turns: 2335, Time: 00:38:44

Health: -8/48      AC:  6    Str:  7    XL:     7   Next: 84%
Magic:  0/13       EV: 12    Int: 20    God:
Gold:   222        SH:  0    Dex: 15    Spells: 15/15 levels left

rFire   . . .      SeeInvis .    V - +1 flail (drain)
rCold   . . .      Faith    .    (no shield)
rNeg    . . .      Spirit   +    d - +2 leather armour of Vurockir {Will++}
rPois   .          Reflect  .    (no helmet)
rElec   .          Harm     .    (no cloak)
rCorr   .          Rampage  .    j - +0 pair of gloves {Dex+3}
Will    ++...                    (no boots)
Stlth   ++........               b - amulet of guardian spirit
HPRegen 0.28/turn                (no ring)
MPRegen 0.13/turn                (no ring)

@: no status effects
A: no striking features
a: no special abilities


You were on level 6 of the Dungeon.
You visited 1 branch of the dungeon, and saw 6 of its levels.

You collected 222 gold pieces.

Inventory:

Hand Weapons
 e - a +0 dagger
 g - a +0 dagger
 h - a +0 whip
 n - a +2 dagger of draining
 o - a +0 hand axe
 q - a +0 club
 s - a +0 hand axe
 u - a +0 dagger
 w - a +0 rapier of venom
 x - a +0 whip
 A - a +0 dagger
 E - a +0 dagger
 I - a +0 mace
 L - a +0 club
 M - a +0 club
 N - a +0 short sword
 P - a +0 club
 V - a +1 flail of draining (weapon)
Missiles
 c - 30 stones
Armour
 a - a +0 robe
 d - the +2 leather armour of Vurockir (worn) {Will++}
   (You found it on level 3 of the Dungeon)

   Will:      It greatly increases your willpower.
 i - a +0 robe
 j - a +0 pair of gloves of dexterity (worn)
 p - a +0 leather armour
 r - a +0 ring mail
 v - a +0 robe
 y - a +0 scale mail
 J - a +0 robe
 O - a +0 robe
 Q - a +0 leather armour
 W - +0 steam dragon scales
Jewellery
 b - an amulet of guardian spirit (around neck)
 U - a ring of wizardry
Wands
 m - a wand of quicksilver (6)
 D - a wand of iceblast (4)
Scrolls
 B - 3 scrolls of identify
 G - a scroll of teleportation
Potions
 f - a potion of attraction {unknown}
 k - 2 potions of brilliance {unknown}
 l - a potion of resistance {unknown}
 t - a potion of heal wounds
 C - 4 potions of curing {unknown}
 F - 2 potions of flight {unknown}
 K - 2 potions of degeneration {unknown}
 R - a potion of lignification {unknown}
 S - a potion of berserk rage {unknown}


   Skills:
 + Level 1.0 Fighting
 + Level 0.7 Short Blades
 + Level 2.2 Armour
 + Level 2.8 Dodging
 + Level 2.7 Stealth
 + Level 4.5 Spellcasting
 + Level 6.4 Conjurations
 + Level 0.4 Evocations


You had 15 spell levels left.
You didn't know any spells.
Your spell library contained the following spells:

 Spells                   Type           Power      Damage    Failure   Level
 Magic Dart               Conj           100%       1d8       1%          1
 Searing Ray              Conj           60%        2d6       1%          2
 Dazzling Flash           Conj/Hex       34%        N/A       14%         3
 Necrotise                Necr           16%        1d4       19%         1
 Fulminant Prism          Conj/Hex       8%         3d6       43%         4
 Iskenderun's Mystic Bla  Conj/Tloc      17%        2d5       43%         4
 Vampiric Draining        Necr           4%         2d6       47%         3
 Agony                    Necr           4%         N/A       99%         5


Dungeon Overview and Level Annotations

Branches:
Dungeon (6/15)
 Temple: D:4-7

Altars:

Portals:
Ossuary: D:4


Message History

The poisoned dart misses you.
You feel sick.
You feel sick.
You feel sick.
Aiming: Quicksilver Bolt
Press: ? - help, Shift-Dir - straight line, f/p - kobold brigand
Aim: a kobold brigand, wielding a +0 short sword and quivering poisoned darts (heavily wounded, inner flame, 64% to hit)
The bolt of dispelling energy hits the kobold brigand!
Flame seeps out of the kobold brigand.
The kobold brigand is almost dead.
The kobold brigand's magical effects unravel!
The bolt of dispelling energy misses the kobold. x2
The bolt of dispelling energy hits the kobold!
The kobold explodes!
You feel sick.
The kobold brigand is engulfed in blazing flames.
You kill the kobold brigand!
Your Fighting skill increases to level 1!
Unknown command.
Unknown command.
Unknown command.
Unknown command.
You feel sick.
Okay, then.
You feel sick.
You feel sick.
You are no longer poisoned.
Aiming: Quicksilver Bolt
Press: ? - help, Shift-Dir - straight line, f - kobold
Aim: a kobold, wielding a +0 whip (inner flame, 64% to hit)
Okay, then.
The kobold barely misses you.
You sock the kobold!
The kobold explodes!
The fiery explosion engulfs the kobold!!!
The fiery explosion engulfs you!
* * * LOW HITPOINT WARNING * * *
The kobold explodes!
You are engulfed in blazing flames.
You die...

#....KKK..........#
#)#################
#.# #.#
############# #.#
#....)......# #K#
#.#########.# #.#
#.# #.#
#§#####.###### #.#
> #§§§@.........#
#.##.
#######.#####.#
#.... #.# #..## #.#
#.... #.# #...# #..
.......# ###
...###..# #. #..# #
#..#


There were no monsters in sight!

Vanquished Creatures
  A steam dragon (D:6)
  A kobold brigand (D:6)
  A necrophage (D:5)
  A scorpion (D:4)
  A howler monkey (D:4)
  2 orc priests
  A jelly (D:4)
  An orc wizard (D:3)
  An iguana (D:5)
  Terence (D:2)
  5 adders
  A white imp (D:5)
  A worm (D:2)
  2 dart slugs
  13 orcs
  4 endoplasms
  4 goblins
  4 hobgoblins
  4 jackals
  4 kobolds
  5 quokkas
  6 ball pythons
  3 bats
  A frilled lizard (D:2)
  6 rats
74 creatures vanquished.

Notes
Turn   | Place    | Note
-------+----------+-------------------------------------------
     0 | D:1      | caruso the Human Conjurer began the quest for the Orb.
     0 | D:1      | Reached XP level 1. HP: 13/13 MP: 3/3
   189 | D:2      | Reached XP level 2. HP: 19/19 MP: 1/5
   262 | D:2      | You fall into a shaft and drop 1 floor!
   262 | D:3      | Identified the +2 leather armour of Vurockir {Will++}
   520 | D:3      | Reached XP level 3. HP: 24/24 MP: 2/6
   527 | D:3      | Reached XP level 4. HP: 19/30 MP: 0/7
   585 | D:3      | Reached skill level 5 in Conjurations
   735 | D:2      | Noticed Terence
   768 | D:2      | Reached XP level 5. HP: 36/36 MP: 1/8
   795 | D:2      | Killed Terence
  1269 | D:4      | Reached skill level 1 in Armour
  1269 | D:4      | Reached XP level 6. HP: 36/42 MP: 3/10
  1403 | D:4      | Found a sand-covered staircase.
  1664 | D:5      | Entered Level 5 of the Dungeon
  1902 | D:5      | Reached skill level 6 in Conjurations
  1902 | D:5      | Reached XP level 7. HP: 42/47 MP: 5/13
  2111 | D:6      | Noticed a steam dragon
  2207 | D:6      | Killed a steam dragon
  2327 | D:6      | Reached skill level 1 in Fighting
  2335 | D:6      | Engulfed by a cloud of flame

Illustrated notes

Levels and vault maps discovered:
D:1:      amcnicky_arrival_feature_with_door, layout_basic,
          nicolae_concentric_dashed_squares_wild
D:2:      layout_rooms, uniq_terence
D:3:      layout_basic, riverfiend_overflow_shadow_ancestor,
          gup_sewer_entry_spiral
D:4:      layout_basic, enter_ossuary_3, uniq_crazy_yiuf_cottage,
          uniq_blork_the_orc
D:5:      layout_basic, temple_doors_e
D:6:      layout_loops_ring

Skill      XL: |  1  2  3  4  5  6  7 |
---------------+----------------------+-----
Conjurations   | 5 6 |  6.4
Armour         | 1 2 |  2.2
Spellcasting   | 3 4 |  4.5
Fighting       | 1 |  1.0
Short Blades   | |  0.7
Dodging        | |  2.8
Stealth        | |  2.7
Evocations     | |  0.4

Action                   |  1- 3 |  4- 6 |  7- 9 || total
-------------------------+-------+-------+-------++-------
Melee: Dagger            |    26 |     1 |       ||    27
       Rapier            |       |    42 |    11 ||    53
       Punch             |       |     1 |       ||     1
       Flail             |       |       |     1 ||     1
 Cast: Magic Dart        |    28 |   125 |    26 ||   179
Evoke: Wand              |     1 |       |     1 ||     2
  Use: Potion            |     3 |       |     1 ||     4
       Scroll            |     2 |     2 |     4 ||     8
Armor: Robe              |     7 |       |       ||     7
       Leather armour    |     1 |    18 |     6 ||    25
Dodge: Dodged            |    28 |    50 |    19 ||    97

Table legend: (Time is in decaauts)
 A = Elapsed time spent in this place.
 B = Non-inter-level travel time spent in this place.
 C = Inter-level travel time spent in this place.
 D = Time resting spent in this place.
 E = Time spent auto-exploring this place.
 F = Levels seen in this place.
 G = Mean time per level.
                   A        B        C        D        E       F      G
               +--------+--------+--------+--------+--------+-----+--------+
         Total |   2342 |   1036 |   1306 |      0 |      0 |   6 |  390.3 |
       Dungeon |   2342 |   1036 |   1306 |      0 |      0 |   6 |  390.3 |
               +--------+--------+--------+--------+--------+-----+--------+

Top non-repeatable levels by time:
     D:2: 438 daAuts
     D:4: 418 daAuts
     D:1: 412 daAuts
     D:3: 400 daAuts
     D:6: 378 daAuts
     D:5: 294 daAuts
